 Dungeon Crawl Stone Soup version 0.28.0 (webtiles) character file.

Game seed: 8035062989157750121

35 Nothus the Grave Robber (level 3, 0/19 HPs)
             Began as a Vampire Necromancer on Feb 26, 2022.
             Slain by an orc priest (2 damage)
             ... on level 2 of the Dungeon.
             The game lasted 00:08:03 (1496 turns).

Nothus the Grave Robber (Vampire Necromancer)       Turns: 1496, Time: 00:08:04

Health: 0/19       AC:  2    Str:  7    XL:     3   Next: 16%
Magic:  3/6        EV: 12    Int: 17    God:
Gold:   51         SH:  0    Dex: 16    Spells: 4/6 levels left

rFire   . . .      SeeInvis +   (no weapon)
rCold   + + .      Faith    .   (no shield)
rNeg    + + +      Spirit   .   a - +0 robe
rPois   ∞          Reflect  .   (no helmet)
rElec   .          Harm     .   (no cloak)
rCorr   .          Rampage  .   (no gloves)
Will    .....                   (no boots)
Stlth   ++++......              (no amulet)
HPRegen 0.00/turn               (no ring)
MPRegen 0.10/turn               (no ring)

@: bloodless, inhibited regen
A: bloodless, fangs 3, see invisible, vampiric 2
a: Bat Form, Revivify


You were on level 2 of the Dungeon.
You visited 1 branch of the dungeon, and saw 2 of its levels.

You collected 51 gold pieces.

Inventory:

Missiles
 f - 5 poisoned darts
Armour
 a - a +0 robe (worn)
Scrolls
 b - a scroll of teleportation {unknown}
 d - 2 scrolls of identify {unknown}
 e - a scroll of fog {unknown}
Potions
 c - a potion of might {unknown}


   Skills:
 - Level 2.4 Dodging
 - Level 3.0 Stealth
 - Level 2.0 Spellcasting
 + Level 5.5 Necromancy


You had 4 spell levels left.
You knew the following spells:

 Your Spells              Type           Power      Damage    Failure   Level
a - Pain                  Necr           80%        1d8       1%          1
b - Animate Skeleton      Necr           40%        N/A       1%          1

Your spell library contained the following spells:

 Spells                   Type           Power      Damage    Failure   Level
 Vampiric Draining        Necr           20%        2d7       6%          3
 Animate Dead             Necr           10%        N/A       21%         4
 Agony                    Necr           20%        N/A       50%         5


Dungeon Overview and Level Annotations

Branches:
Dungeon (2/15)

Altars:


Innate Abilities, Weirdness & Mutations

You do not regenerate when monsters are visible.
You are frail without blood (-20% HP).
You can heal yourself when you bite living creatures.
You are immune to poison.
You have razor-sharp teeth.
You have supernaturally acute eyesight. (SInv)
You are afflicted with vampirism and can become a bat while bloodless.


Message History

You start resting.
Magic restored.
Found a stone staircase leading up.
An orc comes into view. It is wielding a +0 war axe.
An orc priest comes into view. It is wielding a +0 dagger.
An orc wizard and 2 orcs come into view.
The orc wizard shouts!
The orc shouts!
The orc wizard points at you and mumbles some strange words.
You resist with some effort.
The orc priest shouts!
Casting: Pain (safe; 1% risk of failure)
Confirm with . or Enter, or press ? or * to list all spells.
Aiming: Pain (safe; 1% risk of failure)
Press: ? - help, Shift-Dir - straight line, f - orc
Aim: an orc, wielding a +0 war axe (chance to affect: 89%)
The orc writhes in agony!
You kill the orc!
Casting: Pain (safe; 1% risk of failure)
Confirm with . or Enter, or press ? or * to list all spells.
You attempt to give life to the dead...
Before your eyes, flesh is ripped from the corpse!
The dead are walking!
The orc wizard hits your orc skeleton with a +0 dagger.
Casting: Animate Skeleton (safe; 1% risk of failure)
Confirm with . or Enter, or press ? or * to list all spells.
Aiming: Pain (safe; 1% risk of failure)
Press: ? - help, Shift-Dir - straight line, f - orc priest
Aim: an orc priest, wielding a +0 dagger and wearing a +0 leather armour (ally target, chance to affect: 78%)
The orc priest writhes in agony.
Something barely misses your orc skeleton.
The orc priest mumbles some strange prayers to Beogh against you.
Beogh smites you!
Ouch! That really hurt!
* * * LOW HITPOINT WARNING * * *
The orc wizard casts a spell.
The orc wizard flickers and vanishes for a moment.
You fail to use your ability.
Something hits your orc skeleton!
Your orc skeleton is destroyed!
The orc priest hits you with a +0 dagger.
You die...

#......# #......#
#.....o# # #......+
# #...oo.# #
#....).# #
#########......###.#
##.............o@..#
##.##########.######
......#######.######
...................#
##........###.####.#
...#..##### #.#
##.#..# #.# #.#..#
#.# #.#..# #..


You could see an orc priest and an orc wizard (invisible).

Vanquished Creatures
  An orc (D:2)
  2 ball pythons (D:1)
  5 endoplasms (D:1)
  A giant cockroach (D:1)
  2 goblins (D:1)
  2 hobgoblins (D:1)
  3 jackals (D:1)
  9 bats
  A frilled lizard (D:1)
  3 kobolds (D:1)
29 creatures vanquished.

Notes
Turn   | Place    | Note
-------+----------+-------------------------------------------
     0 | D:1      | Nothus the Vampire Necromancer began the quest for the Orb.
     0 | D:1      | Reached XP level 1. HP: 13/13 MP: 3/3
   174 | D:1      | Learned a level 1 spell: Animate Skeleton
   297 | D:1      | Reached XP level 2. HP: 4/19 MP: 0/5
   471 | D:1      | Reached skill level 5 in Necromancy
   963 | D:1      | Gained mutation: You are afflicted with vampirism and can
                  | become a bat while bloodless. [Vampire growth]
   963 | D:1      | Reached XP level 3. HP: 23/24 MP: 4/6
  1496 | D:2      | Slain by an orc priest

Illustrated notes

Levels and vault maps discovered:
D:1:      dpeg_arrival_radiant, layout_basic, corexii_corridor_pit,
          minmay_hedge_maze, lemuel_another_geyser
D:2:      layout_basic, basic_ecumenical_altar, uniq_crazy_yiuf_cottage

Skill      XL: |  1  2 |
---------------+-------+-----
Necromancy     | 5 |  5.5
Dodging        | |  2.4
Stealth        | |  3.0
Spellcasting   | |  2.0

Action                   || total
-------------------------++-------
Melee: Unarmed           ||    12
       Bite              ||     1
 Cast: Pain              ||    44
       Animate Skeleton  ||     9
 Abil: Exsanguinate      ||     1
Armor: Robe              ||     4
Dodge: Dodged            ||    21
